 Dungeon Crawl Stone Soup version 0.19-a0-675-gf8984cf (webtiles) character file.

23184 Krapule the Nimble (level 12, -10/97 HPs)
             Began as a Demonspawn Monk on June 16, 2016.
             Was the Champion of Hepliaklqana.
             Killed from afar by an ice dragon (39 damage)
             ... with a blast of cold
             ... on level 5 of the Lair of Beasts on June 17, 2016.
             The game lasted 01:56:02 (21576 turns).

Krapule the Nimble (Demonspawn Monk)               Turns: 21576, Time: 01:56:03

Health: -10/97     AC: 12    Str: 13    XL:     12   Next: 69%
Magic:  28/28      EV: 27    Int: 12    God:    Hepliaklqana [******]
Gold:   1327       SH:  0    Dex: 24    Spells: 4 memorised, 5 levels left

rFire  + . .     SeeInvis +       - Unarmed
rCold  . . .     Gourm    .     J - +2 robe {MR+}
rNeg   . . .     Faith    .     (no shield)
rPois  .         Spirit   .     (helmet unavailable)
rElec  .         Dismiss  .     f - +2 cloak {+Inv}
rCorr  .         Reflect  .     M - +0 pair of gloves
SustAt .         Harm     .     w - +2 pair of boots
MR     +....                    (no amulet)
Stlth  ++++++....               D - ring of protection from fire
                                I - ring of magical power

@: agile, very slightly contaminated, somewhat resistant to hostile
enchantments, very stealthy
A: antennae 3, powered by pain 3, robust 1
a: Recall Ancestor, Ancestor Identity, Transference, Idealise, Renounce
Religion, Evoke Invisibility


You were on level 5 of the Lair of Beasts.
You worshipped Hepliaklqana.
Hepliaklqana was exalted by your worship.
You were very hungry.

You visited 4 branches of the dungeon, and saw 19 of its levels.

You collected 1327 gold pieces.

Inventory:

Hand Weapons
 y - a +0 double sword of protection
 O - the +2 falchion of Laceration {flame, *Noise rC- MP+9 Dex+8}
   (You found it on level 1 of the Lair of Beasts)

   It has been specially enchanted to burn those struck by it, causing extra
   injury to most foes and up to half again as much damage against particularly
   susceptible opponents.
   Big, fiery blades are also staple armaments of hydra-hunters.
   It affects your dexterity (+8).
   It makes you vulnerable to cold.
   It affects your magic capacity (+9).
   It may make noises in combat.
Missiles
 l - 9 tomahawks (quivered)
 o - 21 javelins
 P - a poisoned tomahawk
Armour
 f - a +2 cloak of invisibility (worn)
 w - a +2 pair of boots (worn)
 C - the cursed +0 chain mail of the Bouncing Moons {-Cast rC+ MR+, unknown}
   (You found it on level 10 of the Dungeon)

   It protects you from cold.
   It affects your resistance to hostile enchantments.
   It prevents spellcasting.
   It has a curse placed upon it.
 J - a +2 robe of magic resistance (worn)
 K - a +0 fire dragon armour
 L - a troll hide
 M - a +0 pair of gloves (worn)
Magical Staves
 R - an uncursed staff of wizardry {unknown}
Jewellery
 x - an uncursed ring of resist corrosion
 D - a ring of protection from fire (right hand)
 I - a ring of magical power (left hand)
Wands
 c - a wand of digging (5/24)
 s - a wand of teleportation (2/9)
 H - a wand of polymorph (2/24)
Scrolls
 a - a scroll of identify
 e - 2 scrolls of recharging
 k - 12 scrolls of remove curse
 m - 3 scrolls of enchant weapon
 n - 2 scrolls of amnesia
 u - 2 scrolls of blinking
 E - 2 scrolls of fog
 N - 3 scrolls of magic mapping
 Q - 2 scrolls of teleportation
Potions
 d - 3 potions of invisibility
 g - a potion of agility
 i - 3 potions of brilliance
 p - 6 potions of curing
 r - 2 potions of mutation
 v - 2 potions of heal wounds
 z - a potion of magic
 A - a potion of resistance
 F - a potion of flight
 G - a potion of cancellation
Books
 h - a book of Spatial Translocations

   Spells                             Type                      Level
   a - Apportation                    Translocation                1
   b - Blink                          Translocation                2
   c - Shroud of Golubria             Charms/Translocation         2
   d - Portal Projectile              Translocation                3
   e - Teleport Other                 Translocation                3
   f - Passage of Golubria            Translocation                4
 t - a book of Minor Magic

   Spells                             Type                      Level
   a - Magic Dart                     Conjuration                  1
   b - Blink                          Translocation                2
   c - Call Imp                       Summoning                    2
   d - Repel Missiles                 Charms/Air                   2
   e - Slow                           Hexes                        2
   f - Conjure Flame                  Conjuration/Fire             3
   g - Mephitic Cloud                 Conjuration/Poison/Air       3
 S - a book of Maledictions

   Spells                             Type                      Level
   a - Corona                         Hexes                        1
   b - Ensorcelled Hibernation        Hexes/Ice                    2
   c - Confuse                        Hexes                        3
   d - Tukima's Dance                 Hexes                        3
   e - Dazzling Spray                 Conjuration/Hexes            3
Comestibles
 b - 13 bread rations
 j - 4 meat rations
 q - 8 fruits
 B - a royal jelly
 T - 2 chunks of flesh


   Skills:
 + Level 6.7 Fighting
 - Level 5.0 Armour
 * Level 10.4 Dodging
 + Level 8.7 Stealth
 + Level 10.4 Unarmed Combat
 - Level 2.0 Spellcasting
 + Level 1.9 Hexes
 - Level 5.0 Translocations
 + Level 9.8 Invocations


You had 5 spell levels left.
You knew the following spells:

 Your Spells              Type           Power        Failure   Level  Hunger
a - Tukima's Dance        Hex            #.......     43%         3    ####...
q - Blink                 Tloc           N/A          6%          2    ###....
s - Shroud of Golubria    Chrm/Tloc      #.........   14%         2    ###....
z - Confuse               Hex            #.......     43%         3    ####...


Dungeon Overview and Level Annotations

Branches:
Dungeon (11/15)            Temple (1/1) D:4            Lair (5/6) D:11
  Swamp (0/4) Lair:4       Spider (0/4) Lair:2        Slime (0/5) Lair:5
    Orc (2/2) D:10
    Elf: Orc:2

Altars:
Ashenzari
Cheibriados
Dithmenos
Elyvilon
Fedhas
Gozag
Hepliaklqana
Kikubaaqudgha
Makhleb
Nemelex Xobeh
Okawaru
Pakellas
Qazlal
Ru
Sif Muna
Trog
Uskayaw
Vehumet
Xom
Yredelemnul
Zin
The Shining One

Shops:
D:6 ?   D:7 %

Portals:
Ice
Cave: Lair:5

Annotations:
D:7 tstbtto's ghost, novice CeBe
Lair:1 tstbtto's ghost, journeyman CeBe
Lair:4 Maud


Innate Abilities, Weirdness & Mutations

You have a pair of large antennae on your head. (SInv)
You are powered by pain.
You are robust. (+10% HP)


Message History

Evoke which item? (* to show all) (? for menu, Esc to quit)
Zapping:
H - a wand of polymorph (will waste charges)
Press: ? - help, Shift-Dir - straight line, f - ice dragon
Aim: an ice dragon (lightly wounded, hasn't noticed you, chance to defeat MR: 28%)
The ice dragon easily resists.
Evoking this partially-identified wand wasted a few charges.
You are feeling very hungry.
The polar bear growls angrily. x2
The ice dragon breathes frost at something.
The polar bear growls angrily.
You flicker back into view.
The polar bear growls angrily.
You hear the steady crackling of a melting archway.
The ice dragon breathes frost at you. The blast of cold hits you!
* * * LOW HITPOINT WARNING * * *
Funestine emerges from the mists of memory!
The ice dragon breathes frost at you. The blast of cold hits you!
You die...

**,,,***##{# *,,,,........###..##
,,,,,,,*#{## *,,,,...............
,,,,,,,*##.##**,,,,(.............
,,,***#####h###,,,,..............
**,** #.......#*,**,*#...........
###.###.....{##*****##...........
.......#.....########....#.....##
.....##.....D#.#P.#..#....#..##.#
P...,#......R...@.P....<..P...###
...,,##.....P.PP...............#*
..,,**##...^P.#....##......#...#*
#+,+**......######.###....##..##,
*,⌠,*#.......#***####....##.#.#,,
*,,,..#........,*,,,#....P##,..,,
,,,,...........,,,,,........,...,
,,,,,,.##..,,,,,,,,.....l...,,,,,
,,,,,,,,*,,,,,,,,,,,,,,,,,,,,,,,,


You could see the friendly Funestine the hexer (wandering) and an ice dragon.

Vanquished Creatures
  Urug (Lair:2)
  2 unseen horrors
  An orc sorcerer (Orc:2)
  3 black mambas
  A gargoyle (D:11)
  2 spiny frogs
  A rime drake (Lair:2)
  3 komodo dragons
  A troll (D:11)
  2 polar bears (Lair:5)
  A two-headed ogre (D:9)
  A blink frog (Lair:2)
  A spriggan (D:8)
  24 yaks
  Sigmund (D:5)
  2 wyverns
  A hungry ghost (D:8)
  3 hippogriffs
  8 water moccasins
  5 porcupines
  2 sky beasts
  An ice beast (D:6)
  A black bear (D:11)
  3 orc warriors
  An ogre (D:10)
  4 wolves
  2 phantoms
  3 centaurs
  3 crocodiles
  2 big kobolds (D:11)
  11 giant frogs
  4 scorpions
  4 howler monkeys
  2 wights (D:6)
  A giant frog zombie (D:5)
  2 crimson imps
  A jelly (D:10)
  2 hounds
  A centaur skeleton (D:5)
  2 orc priests (D:6)
  An iron imp (D:7)
  5 orc wizards
  13 iguanas
  5 worker ants
  3 hound zombies
  A howler monkey zombie (D:11)
  A howler monkey skeleton (D:5)
  4 gnolls
  A hexer (D:6)
  9 adders
  13 river rats
  2 shadow imps
  2 oozes
  An adder zombie (D:7)
  3 worms
  6 dart slugs
  12 giant geckos
  17 orcs
  15 bats
  7 giant cockroaches
  7 goblins
  8 hobgoblins
  12 jackals
  5 quokkas
  2 ball pythons
  A ball python skeleton (D:5)
  A giant gecko skeleton (D:6)
  3 giant newts
  A jackal zombie (D:6)
  14 kobolds
  3 quokka skeletons
  8 rats
  2 fungi
304 creatures vanquished.

Vanquished Creatures (collateral kills)
  An unseen horror (D:11)
  An ugly thing (D:11)
  Maurice (D:10)
  A spiny frog (Lair:3)
  2 komodo dragons
  3 blink frogs (Lair:3)
  A basilisk (Lair:3)
  4 yaks
  3 hippogriffs
  A hungry ghost (D:10)
  Edmund (D:5)
  4 water moccasins
  A porcupine (Lair:2)
  2 orc warriors
  A sky beast (D:9)
  3 phantoms
  A black bear (D:11)
  2 ice beasts
  3 wolves
  A centaur (D:10)
  5 crocodiles
  4 giant frogs
  4 scorpions
  2 wights (D:6)
  3 howler monkeys
  4 crimson imps
  2 hounds
  A jelly (D:10)
  2 orc wizards
  An orc priest (D:7)
  A giant frog skeleton (D:6)
  5 iguanas
  3 worker ants
  A hound skeleton (D:4)
  3 gnolls
  3 adders
  3 river rats
  A shadow imp (D:8)
  A worm (D:4)
  9 orcs
  A giant cockroach (D:6)
  2 jackals (D:9)
  A kobold (D:11)
  4 quokkas
  2 bats (D:7)
  A giant cockroach zombie (D:5)
  A fungus (D:7)
  2 plants (Lair:2)
109 creatures vanquished.

Vanquished Creatures (others)
  18 hexers
  6 fungi
  A plant (Lair:3)
25 creatures vanquished.

Grand Total: 438 creatures vanquished

Notes
Turn   | Place    | Note
--------------------------------------------------------------
     0 | D:1      | Krapule the Demonspawn Monk began the quest for the Orb.
     0 | D:1      | Reached XP level 1. HP: 18/18 MP: 1/1
   135 | D:1      | Gained mutation: You have a pair of small antennae on your head. [demonic ancestry]
   135 | D:1      | Reached XP level 2. HP: 16/24 MP: 2/2
   618 | D:1      | Gained mutation: You sometimes gain a little power by taking damage. [demonic ancestry]
   618 | D:1      | Reached XP level 3. HP: 29/29 MP: 3/3
  1015 | D:2      | Reached skill level 1 in Armour
  1678 | D:2      | Found an opulent altar of Gozag.
  1681 | D:2      | Found a sparkling altar of Nemelex Xobeh.
  1684 | D:2      | Found a shimmering altar of Xom.
  1723 | D:2      | Found a faded altar of an unknown god.
  1728 | D:2      | Gained mutation: You sometimes gain power by taking damage. [demonic ancestry]
  1728 | D:2      | Reached XP level 4. HP: 33/35 MP: 4/4
  3117 | D:3      | Reached XP level 5. HP: 35/42 MP: 5/5
  3384 | D:4      | Found a staircase to the Ecumenical Temple.
  3402 | Temple   | Entered the Ecumenical Temple
  3409 | Temple   | Became a worshipper of Hepliaklqana
  3409 | Temple   | Reached * piety under Hepliaklqana
  3409 | Temple   | Reached ** piety under Hepliaklqana
  3936 | D:4      | Reached XP level 6. HP: 46/48 MP: 6/6
  3978 | D:4      | Found a blossoming altar of Fedhas.
  3979 | D:4      | Remembered your ancestor Funestine as a hexer
  3985 | D:4      | Found a stormy altar of Qazlal.
  4125 | D:4      | Reached skill level 1 in Invocations
  4447 | D:4      | Learned a level 2 spell: Blink
  4466 | D:5      | Entered Level 5 of the Dungeon
  4490 | D:5      | Noticed an ice beast
  4499 | D:5      | Killed an ice beast
  4529 | D:5      | Noticed Sigmund
  4585 | D:5      | Killed Sigmund
  4585 | D:5      | Reached skill level 5 in Unarmed Combat
  4585 | D:5      | Reached skill level 1 in Spellcasting
  4585 | D:5      | Reached XP level 7. HP: 19/54 MP: 7/9
  4781 | D:5      | Found an oddly glowing altar of Pakellas.
  4858 | D:5      | Found a shadowy altar of Dithmenos.
  5696 | D:5      | Found a white marble altar of Elyvilon.
  5795 | D:5      | Noticed Edmund
  5855 | D:5      | HP: 1/54 [Edmund/dire flail (7)]
  5950 | D:5      | Killed Edmund
  5950 | D:5      | Reached XP level 8. HP: 17/60 MP: 11/11
  6280 | D:5      | Reached skill level 5 in Dodging
  6299 | D:5      | Reached skill level 1 in Translocations
  6506 | D:6      | Found Noemavom's Magic Scroll Shoppe.
  6568 | D:6      | Found a shattered altar of Ashenzari.
  6568 | D:6      | Found a bloodstained altar of Trog.
  6923 | D:6      | Reached *** piety under Hepliaklqana
  6947 | D:6      | Reached skill level 5 in Stealth
  7155 | D:6      | Gained mutation: You have a pair of antennae on your head. [demonic ancestry]
  7155 | D:6      | Reached XP level 9. HP: 45/65 MP: 12/12
  7461 | D:6      | Found a glowing golden altar of the Shining One.
  7668 | D:6      | Reached skill level 5 in Invocations
  8381 | D:7      | Found Seeqaph's Food Boutique.
  8529 | D:7      | Found a snail-covered altar of Cheibriados.
  9070 | D:7      | Noticed tstbtto's ghost (novice CeBe)
  9222 | D:8      | Reached **** piety under Hepliaklqana
 10006 | D:9      | Found a radiant altar of Vehumet.
 10096 | D:9      | Gained mutation: You have a pair of large antennae on your head. (SInv) [demonic ancestry]
 10096 | D:9      | Reached XP level 10. HP: 63/71 MP: 14/14
 10129 | D:9      | Found a basalt altar of Yredelemnul.
 10207 | D:9      | Found a glowing silver altar of Zin.
 10486 | D:10     | Entered Level 10 of the Dungeon
 10486 | D:10     | Noticed an unseen horror
 10510 | D:10     | Killed an unseen horror
 10791 | D:10     | Noticed Maurice
 10804 | D:10     | Got a twisted chain mail
 10976 | D:11     | Found a staircase to the Lair.
 11188 | D:11     | Noticed an unseen horror
 11189 | D:11     | Reached ***** piety under Hepliaklqana
 11223 | D:11     | Killed an unseen horror
 11580 | D:11     | Noticed a red ugly thing
 11639 | D:11     | Killed a red ugly thing
 11731 | D:11     | Noticed an unseen horror
 11756 | D:11     | Killed an unseen horror
 11829 | D:11     | Noticed a cyclops
 12067 | D:10     | Killed Maurice
 12067 | D:10     | Gained mutation: You are robust. (+10% HP) [demonic ancestry]
 12067 | D:10     | Reached XP level 11. HP: 37/84 MP: 16/16
 12287 | D:10     | Reached skill level 5 in Armour
 12670 | D:10     | Got a distressingly furry leather armour
 12681 | D:10     | Identified the cursed +1 leather armour of the Known World {-Tele rF+ Str+2} (You found it on level 10 of the Dungeon)
 12738 | D:10     | Found a staircase to the Orcish Mines.
 13552 | D:11     | Noticed a skeletal warrior
 13911 | Orc:1    | Entered Level 1 of the Orcish Mines
 14265 | Orc:2    | Entered Level 2 of the Orcish Mines
 14414 | Orc:1    | Noticed an orc knight
 14414 | Orc:1    | Noticed an orc sorcerer
 14414 | Orc:1    | Noticed an orc knight
 14418 | Orc:2    | Paralysed by an orc sorcerer for 3 turns
 14434 | Orc:2    | Killed an orc sorcerer
 14798 | Lair:1   | Entered Level 1 of the Lair of Beasts
 14917 | Lair:1   | Noticed tstbtto's ghost (journeyman CeBe)
 15303 | Lair:2   | Noticed Urug
 15529 | Lair:1   | Learned a level 2 spell: Shroud of Golubria
 15732 | Lair:1   | Reached skill level 5 in Fighting
 15857 | Lair:1   | Reached ****** piety under Hepliaklqana
 15888 | Lair:1   | Got an ebony falchion
 15889 | Lair:1   | Identified the +2 falchion of Laceration {flame, *Noise rC- MP+9 Dex+8} (You found it on level 1 of the Lair of Beasts)
 16726 | Lair:2   | Found a hole to the Spider Nest.
 17255 | Lair:2   | You fall through a shaft!
 17894 | Lair:3   | Gained mutation: You are powered by pain. [demonic ancestry]
 17894 | Lair:3   | Reached XP level 12. HP: 12/94 MP: 18/18
 18542 | Lair:3   | Reached skill level 10 in Unarmed Combat
 19772 | Lair:2   | Killed Urug
 19772 | Lair:2   | Reached skill level 10 in Dodging
 20074 | Lair:2   | Reached skill level 5 in Translocations
 20480 | Lair:2   | Learned a level 3 spell: Confuse
 20642 | Lair:2   | Learned a level 3 spell: Tukima's Dance
 20721 | Lair:4   | Found a staircase to the Swamp.
 20791 | Lair:4   | Noticed Maud
 20880 | Lair:4   | Reached skill level 1 in Hexes
 21290 | Lair:4   | Noticed a seven-headed hydra
 21353 | Lair:5   | Found a frozen archway.
 21495 | Lair:5   | Noticed an ice dragon
 21576 | Lair:5   | Killed from afar by an ice dragon

Vault maps used:
D:1:      eino_arrival_cavern_a
D:2:      grunt_temple_overflow_diamond, first_bread, ecumenical_altar_2
D:3:      minmay_misc_feat_more_columns, grunt_ministairs_11
D:4:      grunt_temple_overflow_forces_of_nature
D:5:      elyvilon_altar_3, grunt_pakellas_salt,
          grunt_dithmenos_smoke_and_mirrors, uniq_edmund, uniq_sigmund
D:6:      lemuel_doored_altar, gammafunk_temple_overflow_elements, serial_shops,
          nicolae_shop_waterfront, serial_glass, glass_columns_a,
          glass_columns_a, glass_columns_b, glass_columns_c, glass_columns_a,
          glass_columns_a, glass_columns_a, glass_columns_b
D:7:      old_forge, slow_altar_1, serial_shops, shop, kennysheep_generic_room_8
D:8:      the_bakery
D:9:      nicolae_overflow_hidden_temple, overflow_temple_1_default,
          kennysheep_mini
D:10:     orc_0_dummy, uniq_maurice
D:11:     lair_0_dummy
Temple:   nicolae_temple_no_exploring_needed
Lair:2:   spider_nest_entry_web_field, beast_lair_carwin_6, uniq_urug
Lair:4:   swamp_mist_pool, infiniplex_staircase_pool_2, uniq_kirke, uniq_maud
Lair:5:   slime_altar_1, portal_ice_cave_entry_animals_and_master,
          grunt_megastairs_5
Orc:2:    kennysheep_orc_mage_school

Skill      XL: |  1  2  3  4  5  6  7  8  9 10 11 12 |
---------------+-------------------------------------+-----
Stealth        | 2 3 4 5 6 7 8 |  8.7
Dodging        | 3 4 5 7 8 9 10 | 10.4
Unarmed Combat | 4 5 6 7 8 9 10 | 10.4
Armour         | 1 2 3 4 5 |  5.0
Fighting       | 4 5 6 |  6.7
Invocations    | 2 3 4 5 7 8 9 |  9.8
Spellcasting   | 1 2 |  2.0
Translocations | 2 3 4 5 |  5.0
Hexes          | 1 |  1.9

Action                   |  1- 3 |  4- 6 |  7- 9 | 10-12 || total
-------------------------+-------+-------+-------+-------++-------
Melee: Unarmed           |   147 |   207 |   539 |  1070 ||  1963
       Punch             |     2 |     4 |    21 |    67 ||    94
       Double sword      |       |       |       |     6 ||     6
Throw: Tomahawk          |     4 |    15 |    25 |    37 ||    81
       Javelin           |       |    11 |    19 |     9 ||    39
 Cast: Blink             |       |       |     1 |     4 ||     5
       Shroud of Golubri |       |       |       |     4 ||     4
Invok: Ancestor Life: He |       |     1 |       |       ||     1
       Recall Ancestor   |       |       |     2 |       ||     2
       Idealise          |       |       |       |     2 ||     2
Evoke: Wand              |       |       |     2 |    13 ||    15
  Use: Scroll            |       |    12 |     7 |    10 ||    29
       Potion            |       |       |     2 |     5 ||     7
 Stab: Sleeping          |     6 |     9 |    10 |    19 ||    44
       Confused          |       |     2 |    32 |    38 ||    72
       Distracted        |       |       |    11 |    22 ||    33
       Held in net/web   |       |       |     1 |       ||     1
       Invisible         |       |       |       |    10 ||    10
  Eat: Chunk             |     3 |     8 |    17 |    32 ||    60
       Fruit             |       |       |     2 |     5 ||     7
       Beef jerky        |       |       |     1 |       ||     1
       Pizza             |       |       |       |     1 ||     1
Armor: Robe              |    22 |    19 |    66 |   156 ||   263
       Skin              |       |       |       |    56 ||    56
       Leather armour    |       |       |       |     2 ||     2
Dodge: Dodged            |    87 |   141 |   254 |   745 ||  1227
